[Event "*** Titled Tuesday Blitz"]
[Site "Chess.com"]
[Date "2019.09.03"]
[Round "5"]
[White "Renier07"]
[Black "Last7Samurai"]
[Result "0-1"]
[WhiteElo "2596"]
[BlackElo "2781"]
[TimeControl "180+2"]
[EndTime "16:05:13 PDT"]
[Termination "Last7Samurai won by resignation"]

1. d4 d5 2. c4 c6 3. Nc3 Nf6 4. Nf3 e6 5. Bg5 dxc4 6. a4 b5 7. axb5 cxb5 8. Nxb5 Qb6 9. Na3 Bxa3 10. Qa4+ Bd7 11. Qxa3 Nc6 12. Bxf6 gxf6 13. e3 Qb4+ 14.
Qxb4 Nxb4 15. Kd2 Rg8 16. Ra5 Bc6 17. Ne1 Bd5 18. Kc3 Nc6 19. Rc5 Ne7 20. f3 f5 21.
Bxc4 Bxc4 22. Kxc4 Nd5 23. e4 fxe4 24. fxe4 Ne3+ 25.
Kc3 Rb8 26. g3 Nd1+ 27. Kd2 Nf2 28. Rf1 Nxe4+ 29. Ke3 Nxc5 30. dxc5 Rxb2 31. Nf3 Rc2 32. Ra1 Rxc5 33. Rxa7 Kf8 34. Ke4 Rc4+ 35. Ke3 Rc3+ 36.
Ke2 Kg7 37. Ne5 Rf8 38. Nd7 Rfc8 39. Ne5 R8c7 40. Ra4 Rc2+ 41. Kf3 R7c3+ 42. Kg4 Rxh2 43. Rf4 h5+ 44. Kg5 Rxg3+ 0-1

[Event "*** Titled Tuesday Blitz"]
[Site "Chess.com"]
[Date "2019.09.03"]
[Round "5"]
[White "daro94"]
[Black "jefferyx"]
[Result "1-0"]
[WhiteElo "2890"]
[BlackElo "2942"]
[TimeControl "180+2"]
[EndTime "16:05:15 PDT"]
[Termination "daro94 won by resignation"]

1. e4 c5 2. Nf3 e6 3. d4 cxd4 4.
Nxd4 Nc6 5. Nc3 a6 6. Nxc6 bxc6 7. Bd3 d5 8. O-O Bb7 9. Re1 Qc7 10. Qf3 Bd6 11.
Qh3 Ne7 12. Bg5 Ng6 13. exd5 cxd5 14. Bxg6 Bxh2+ 15. Qxh2 Qxh2+ 16. Kxh2 hxg6+ 17. Kg1 Rc8 18. Rad1 Kd7 19. f3 Rc4 20. Be3 Rhc8 21. Bf2 Rb4 22. Rb1 f6 23. a3 Rbc4 24. Red1 g5 25. Rd2 g4 26. Rbd1 gxf3 27. gxf3 Ke7 28. Rd4 R4c7 29. Rb4 Kf7 30. Rd2 Rh8 31. Rh4 Rb8 32. Bg3 e5 33.
f4 d4 34. Nd1 Re8 35. fxe5 fxe5 36. Rhxd4 Bf3 37. Rf2 1-0

[Event "*** Titled Tuesday Blitz"]
[Site "Chess.com"]
[Date "2019.09.03"]
[Round "5"]
[White "kosmeg"]
[Black "Joshukid"]
[Result "1-0"]
[WhiteElo "2420"]
[BlackElo "2621"]
[TimeControl "180+2"]
[EndTime "16:05:16 PDT"]
[Termination "kosmeg won by resignation"]

1. d4 Nf6 2. c4 e6 3. g3 d5 4. Bg2 dxc4 5. Nf3 Bb4+ 6. Bd2 c5 7. Bxb4 cxb4 8. a3 bxa3 9. Nxa3 O-O 10. Nxc4 Nc6 11.
O-O Rb8 12. e3 b6 13. Nfe5 Nxe5 14. Nxe5 Bb7 15. Rxa7 Bxg2 16. Kxg2 Qd5+ 17. Qf3 Qb5 18. Rc1 Qxb2 19. Rcc7 Qb1 20. Rxf7 Rxf7 21. Rxf7 b5 22. g4 h6 23. h4 b4 24. g5 hxg5 25. hxg5 Nd5 26. Rxg7+ Kxg7 27. Qf7+ Kh8 28. Ng6+ Qxg6 29.
Qxg6 b3 30. Qh6+ Kg8 31. Qxe6+ Kh7 32. g6+ Kh6 33. Qh3+ Kg7 34. Qh7+ Kf6 1-0

[Event "*** Titled Tuesday Blitz"]
[Site "Chess.com"]
[Date "2019.09.03"]
[Round "5"]
[White "aa175"]
[Black "Blackmind96"]
[Result "0-1"]
[WhiteElo "2286"]
[BlackElo "2718"]
[TimeControl "180+2"]
[EndTime "16:05:21 PDT"]
[Termination "Blackmind96 won on time"]

1. d4 Nf6 2. Bf4 e6 3. e3 d5 4. Nd2 Bd6 5. Bg3 O-O 6. Ngf3 c5 7. c3 Qc7 8. dxc5 Qxc5 9. Bxd6 Qxd6 10. Nc4 Qc7 11.
Nce5 Nc6 12. Nxc6 bxc6 13. Qd4 Rb8 14. b4 Nd7 15. Bd3 e5 16. Qh4 e4 17. Bc2 Nf6 18. Nd4 c5 19. bxc5 Qxc5 20. O-O Qxc3 21. Rfc1 Qa3 22.
Bb3 Ba6 23. Nf5 Rb6 24. Rc7 Rxb3 25. Qg5 Ne8 26. Nh6+ Kh8 27. Nxf7+ Rxf7 28. Rxf7 Rb7 29. Qxd5 Rxf7 30. Qxf7 Bb5 31. h3 h6 32. Rb1 Qc5 33. Qb7 Nd6 34. Qb8+ Kh7 35. Qf8 Bd3 36. Rb8 Qe5 37. Qg8+ Kg6 38. Rd8 Nf7 39. Re8 Qf6 40.
Rf8 Qa1+ 41. Kh2 Qe5+ 42. Kg1 Ng5 43. g3 Qa1+ 44. Kg2 Qf1+ 0-1

[Event "*** Titled Tuesday Blitz"]
[Site "Chess.com"]
[Date "2019.09.03"]
[Round "5"]
[White "tbalabayev"]
[Black "ChristopherYoo"]
[Result "0-1"]
[WhiteElo "2373"]
[BlackElo "2580"]
[TimeControl "180+2"]
[EndTime "16:05:21 PDT"]
[Termination "ChristopherYoo won on time"]

1. Nf3 Nf6 2. g3 g6 3. Bg2 Bg7 4. O-O O-O 5. d3 d5 6. Nbd2 c5 7. e4 Nc6 8. Re1 e5 9. exd5 Nxd5 10. Nc4 Re8 11. c3 b6 12. Bg5 f6 13. Bd2 Bb7 14. a4 Qd7 15. Qb3 Nd8 16. Rad1 Nf7 17. h4 Bc6 18. Ra1 h5 19. Red1 Ne7 20. Bc1 Rad8 21.
Rd2 Qe6 22. Ne1 Bxg2 23. Kxg2 Nd5 24. Qd1 e4 25. Kg1 e3 26. fxe3 Nxe3 0-1

[Event "*** Titled Tuesday Blitz"]
[Site "Chess.com"]
[Date "2019.09.03"]
[Round "5"]
[White "Semajkcalbk"]
[Black "FedaMaster"]
[Result "0-1"]
[WhiteElo "2435"]
[BlackElo "2598"]
[TimeControl "180+2"]
[EndTime "16:05:23 PDT"]
[Termination "FedaMaster won by resignation"]

1. d4 Nf6 2. c4 g6 3. Nc3 d5 4.
Bg5 Bg7 5. e3 c5 6. Bxf6 Bxf6 7.
cxd5 cxd4 8. exd4 Qb6 9. Nf3 Qxb2 10. Rc1 O-O 11. Qd2 Qxd2+ 12. Kxd2 Bg4 13. Ke3 Bxf3 14. gxf3 Nd7 15. Ne4 Bg7 16. d6 Bh6+ 17. f4 exd6 18. Nxd6 Nf6 19. Bc4 Nh5 20. Kf3 Bxf4 21. Nxb7 Bxc1 22. Rxc1 Rab8 23. Nc5 Rfd8 24. d5 Rbc8 25. Ne4 Kg7 26. d6 f5 0-1

[Event "*** Titled Tuesday Blitz"]
[Site "Chess.com"]
[Date "2019.09.03"]
[Round "5"]
[White "Walter_White_Poland"]
[Black "LastHeroJr"]
[Result "0-1"]
[WhiteElo "2317"]
[BlackElo "2530"]
[TimeControl "180+2"]
[EndTime "16:05:24 PDT"]
[Termination "LastHeroJr won by checkmate"]

1. Nf3 Nf6 2. c4 g6 3. g3 Bg7 4. Bg2 O-O 5. O-O d6 6. Nc3 e5 7. d3 Nc6 8. Rb1 Bf5 9. Bg5 Qd7 10. Bxf6 Bxf6 11. b4 Bg7 12. b5 Nd8 13. Nd5 c6 14. bxc6 bxc6 15. Nc3 Bh3 16. Bxh3 Qxh3 17. Ng5 Qd7 18.
Qa4 h6 19. Nf3 Ne6 20. Qa3 f5 21. e3 e4 22. Ne1 Ng5 23. d4 Nf3+ 24. Nxf3 exf3 25.
Rb3 f4 26. Kh1 fxg3 27. fxg3 Qh3 28. Rb2 Qxf1# 0-1

[Event "*** Titled Tuesday Blitz"]
[Site "Chess.com"]
[Date "2019.09.03"]
[Round "5"]
[White "minnesotachessmaster"]
[Black "tonyq11"]
[Result "1/2-1/2"]
[WhiteElo "1968"]
[BlackElo "2183"]
[TimeControl "180+2"]
[EndTime "16:05:24 PDT"]
[Termination "Game drawn by agreement"]

1. e4 e5 2. f4 exf4 3. Nf3 d5 4.
exd5 Nf6 5. Bb5+ Bd7 6. Bc4 Bg4 7. O-O Be7 8. Nc3 O-O 9. d4 Nbd7 10. Bxf4 Nb6 11. Bb3 Nfxd5 12. Nxd5 Nxd5 13. Qd2 Be6 14. Bg3 Bd6 15. Bxd6 Qxd6 16. Ng5 c6 17. Qd3 f5 18. Nxe6 Qxe6 19. Rae1 Qd7 20. Re5 Kh8 21. Rexf5 Rxf5 22. Qxf5 Qxf5 23. Rxf5 Nf6 24. Re5 Re8 25. Rxe8+ Nxe8 26. Kf2 g6 27. Ke3 Kg7 28. Be6 Kf6 29. Bc4 Nd6 30. Bd3 Ke6 31. c4 Nf7 32. Be4 Kd6 33. b4 b6 34. g4 c5 35. bxc5+ bxc5 36. Bd5 1/2-1/2

[Event "*** Titled Tuesday Blitz"]
[Site "Chess.com"]
[Date "2019.09.03"]
[Round "5"]
[White "VladimirBelous"]
[Black "INLOVEWITHF"]
[Result "1/2-1/2"]
[WhiteElo "2721"]
[BlackElo "2309"]
[TimeControl "180+2"]
[EndTime "16:05:31 PDT"]
[Termination "Game drawn by repetition"]

1. c4 g6 2. Nf3 Bg7 3. Nc3 Nf6 4. d4 d6 5. e4 O-O 6. h3 e5 7. d5 Nh5 8. g3 f5 9. exf5 gxf5 10. Nh4 Qe8 11. Be2 Nf6 12. Qc2 e4 13. Be3 a5 14.
Rg1 Na6 15. g4 Nb4 16. Qd2 f4 17. Bxf4 Nd3+ 18. Bxd3 exd3+ 19. Qe3 Qd8 20. O-O-O Nxg4 21. hxg4 Qxh4 22. Bg5 Qxf2 23. Qxd3 Rf3 24. Qe4 h6 25. Bd2 Bd7 26. Qe7 Rf7 27. Qe4 Re8 28. Qg6 Rf6 29.
Qc2 Rf7 30. Qg6 Rf6 31. Qd3 Rf3 32. Qg6 Rf6 1/2-1/2

[Event "*** Titled Tuesday Blitz"]
[Site "Chess.com"]
[Date "2019.09.03"]
[Round "5"]
[White "Everyfishknows"]
[Black "newauto"]
[Result "0-1"]
[WhiteElo "2265"]
[BlackElo "1950"]
[TimeControl "180+2"]
[EndTime "16:05:40 PDT"]
[Termination "newauto won by checkmate"]

1. Nf3 d5 2. c4 c6 3. d4 Nf6 4.
Qc2 dxc4 5. Qxc4 Bf5 6. e3 e6 7. Nc3 Nbd7 8. h3 Be7 9. a4 a5 10. Nh4 O-O 11. Nxf5 exf5 12. Bd3 g6 13. O-O Nb6 14.
Qb3 Nbd5 15. Nxd5 Nxd5 16. Bd2 Bb4 17. Bxb4 Nxb4 18. Bc4 Qe7 19. Rac1 Rfe8 20. d5 cxd5 21. Bxd5 Nxd5 22. Qxd5 Red8 23. Qb5 Qd7 24. Qxd7 Rxd7 25. Rc5 b6 26. Rb5 Rb8 27. Rc1 Rd2 28. Rc6 Kg7 29. Rcxb6 Rc8 30. Rxa5 Rcc2 31. Rb7 Rxf2 32. Raa7 Rxg2+ 33. Kh1 Rh2+ 34. Kg1 Rcg2+ 35. Kf1 Rc2 36. Rxf7+ Kh6 37.
Kg1 Rhd2 38. Rxh7+ Kg5 39. Rad7 Rc1# 0-1

[Event "*** Titled Tuesday Blitz"]
[Site "Chess.com"]
[Date "2019.09.03"]
[Round "5"]
[White "Alexander_Donchenko"]
[Black "Svet99"]
[Result "1-0"]
[WhiteElo "2634"]
[BlackElo "2152"]
[TimeControl "180+2"]
[EndTime "16:05:41 PDT"]
[Termination "Alexander_Donchenko won by resignation"]

1. e4 c6 2. Nc3 d5 3. Nf3 Bg4 4. h3 Bxf3 5. Qxf3 e6 6. d4 dxe4 7. Qxe4 Nf6 8. Qd3 Be7 9. Be2 O-O 10. O-O Nbd7 11. Ne4 Nxe4 12. Qxe4 Nf6 13. Qd3 Qd5 14. c3 Rad8 15. Bf3 Qa5 16. a4 Qc7 17. a5 a6 18. b4 Bd6 19. Bg5 Be7 20. Rfe1 h6 21. Bd2 Rd7 22. Qe2 Rfd8 23. g3 Nd5 24. Kg2 Bf6 25. Be4 Ne7 26. Bc2 Bg5 27. Bxg5 hxg5 28. Qh5 g6 29. Qxg5 Rd5 30. Qf6 Nf5 31. Bb3 R5d6 32.
Re4 Qe7 33. Qe5 Qg5 34. Rf4 Qh6 35. Re1 Qg7 36. Qe2 Ne7 37. Qf3 Nd5 38. Rfe4 Qf6 39. Qd3 Qf5 40. Qd2 Kg7 41. Bc2 Rh8 42.
h4 Qf6 43. Re5 Ne7 44. R1e3 Rd5 45. Rf3 Qxe5 1-0

[Event "*** Titled Tuesday Blitz"]
[Site "Chess.com"]
[Date "2019.09.03"]
[Round "5"]
[White "Ali_rastbod"]
[Black "karinachess1"]
[Result "1-0"]
[WhiteElo "2709"]
[BlackElo "2558"]
[TimeControl "180+2"]
[EndTime "16:05:42 PDT"]
[Termination "Ali_rastbod won on time"]

1. c4 Nf6 2. Nf3 g6 3. b3 Bg7 4. Bb2 O-O 5. g3 d6 6. Bg2 e5 7. d4 Nc6 8. dxe5 Ng4 9. Nc3 dxe5 10.
O-O Be6 11. Ne4 b6 12. h3 Nh6 13. Neg5 Bd7 14. Qd2 f6 15. Rad1 Bf5 16. Qc1 Qe8 17.
g4 Bd7 18. Ne4 f5 19. g5 fxe4 20. gxh6 exf3 21. hxg7 fxe2 22. gxf8=Q+ Kxf8 23. Qh6+ Kg8 24. Bd5+ Be6 25. Qe3 exf1=Q+ 26. Kxf1 Bxd5 27. cxd5 Nd4 28. Rxd4 exd4 29. Qxd4 Qb5+ 30. Kg2 1-0

[Event "*** Titled Tuesday Blitz"]
[Site "Chess.com"]
[Date "2019.09.03"]
[Round "5"]
[White "2165149677570"]
[Black "HrvojeZagreb"]
[Result "1-0"]
[WhiteElo "2312"]
[BlackElo "2072"]
[TimeControl "180+2"]
[EndTime "16:05:44 PDT"]
[Termination "2165149677570 won by resignation"]

1. e4 e6 2. d4 d5 3. Nd2 dxe4 4.
Nxe4 Nd7 5. Nf3 Ngf6 6. Nxf6+ Nxf6 7. Bd3 c5 8. O-O Qc7 9. Bg5 a6 10. Re1 Be7 11. dxc5 Qxc5 12. Re5 Qc7 13. Qe2 h6 14. Bh4 g5 15. Bg3 Bd6 16. Rf5 Bxg3 17. hxg3 Ng4 18. Qe4 Kf8 19. Rxf7+ Kxf7 20. Qxg4 Kf8 21. Re1 Qg7 22.
Ne5 Ra7 23. Qb4+ Kg8 24. Qb6 Ra8 25. Qd8+ Qf8 26. Qd4 b5 27. Ng6 Qg7 28. Qd8+ Kf7 29. Nxh8+ Qxh8 30. Qxh8 Bb7 31. Qh7+ Kf6 32. Qxb7 Rf8 33.
Qf3+ Kg7 34. Qe4 1-0

[Event "*** Titled Tuesday Blitz"]
[Site "Chess.com"]
[Date "2019.09.03"]
[Round "5"]
[White "Andrei_Belozerov"]
[Black "johnathan113"]
[Result "0-1"]
[WhiteElo "2530"]
[BlackElo "2768"]
[TimeControl "180+2"]
[EndTime "16:05:45 PDT"]
[Termination "johnathan113 won on time"]

1. e4 c5 2. Nf3 g6 3. d4 cxd4 4. Nxd4 Bg7 5. c4 Nc6 6. Be3 Qb6 7. Nb3 Qd8 8. Nc3 d6 9. Be2 Bxc3+ 10. bxc3 Nf6 11.
Qc2 O-O 12. O-O b6 13. a4 Qc7 14. f4 Ba6 15. Nd4 Rac8 16. Rfc1 Na5 17. Nb5 Qb8 18. f5 Nxc4 19. Bh6 Rfd8 20. Qa2 Ne5 21. Rf1 Nxe4 22. fxg6 hxg6 23. Bg4 Nxc3 24. Qf2 Nxb5 25. axb5 Bxb5 26. Bxc8 Bxf1 27. Bh3 Bc4 28. Qh4 Qc7 29. Rc1 b5 30. Bg5 Re8 31. Kh1 a5 32. Qh6 Qc5 33.
Qh4 Qa7 34. Be3 Qxe3 35. Rg1 a4 0-1

[Event "*** Titled Tuesday Blitz"]
[Site "Chess.com"]
[Date "2019.09.03"]
[Round "5"]
[White "joshdaruca"]
[Black "patrisiii123"]
[Result "0-1"]
[WhiteElo "2723"]
[BlackElo "2418"]
[TimeControl "180+2"]
[EndTime "16:05:47 PDT"]
[Termination "patrisiii123 won by resignation"]

1. Nf3 Nf6 2. g3 g6 3. Bg2 Bg7 4. O-O O-O 5. c4 c5 6. Nc3 Nc6 7. d4 d5 8. dxc5 dxc4 9. Qa4 Qa5 10. Qxc4 Be6 11. Qb5 Qxb5 12. Nxb5 Rac8 13. Nbd4 Nxd4 14.
Nxd4 Bd5 15. Bxd5 Nxd5 16. Nb3 Rfd8 17. Rb1 Nb4 18. a3 Nd5 19. Bd2 Rd7 20. Rfc1 Rdc7 21. e4 Nf6 22. f3 Nd7 23. Be3 Ne5 24. Kg2 Nd3 25. Rc2 b6 26. f4 bxc5 27. e5 c4 28. Na5 f6 29. exf6 Bxf6 30. Rd2 Nxb2 31. Rdxb2 Bxb2 32.
Rxb2 c3 33. Rc2 Rb8 34. Kf3 Rb5 35. Bxa7 Rxa7 36. Nc6 Rc7 37. Rxc3 Rb6 38. Nxe7+ Rxe7 0-1

[Event "*** Titled Tuesday Blitz"]
[Site "Chess.com"]
[Date "2019.09.03"]
[Round "5"]
[White "NormWeinstein"]
[Black "bugsbunny444"]
[Result "1-0"]
[WhiteElo "2398"]
[BlackElo "2530"]
[TimeControl "180+2"]
[EndTime "16:05:48 PDT"]
[Termination "NormWeinstein won by resignation"]

1. e4 c5 2. Nf3 e6 3. Nc3 a6 4. g3 b5 5. Bg2 Bb7 6. d4 cxd4 7.
Nxd4 d6 8. O-O Nd7 9. Re1 Be7 10. a4 b4 11. Na2 Qb6 12. c3 bxc3 13. Nxc3 Ngf6 14. a5 Qc7 15. g4 Ne5 16. g5 Nfd7 17. f4 Nc6 18. Nxc6 Qxc6 19. Kh1 O-O 20. Nd5 Bd8 21. Ne3 Nc5 22. Nc4 Bc7 23. b4 Na4 24. Qxa4 Qxc4 25. Bb2 Bc6 26. Qa3 Rfc8 27. Rac1 Qb5 28.
Qc3 e5 29. Qxc6 Qxb4 30. Bc3 Qb3 31. Qd5 Qxd5 32. exd5 exf4 33. Bd2 Kf8 34. h4 Bb8 35. Bxf4 1-0

[Event "*** Titled Tuesday Blitz"]
[Site "Chess.com"]
[Date "2019.09.03"]
[Round "5"]
[White "nitpicker"]
[Black "Mr_Penings"]
[Result "0-1"]
[WhiteElo "2226"]
[BlackElo "2504"]
[TimeControl "180+2"]
[EndTime "16:05:48 PDT"]
[Termination "Mr_Penings won on time"]

1. d4 Nf6 2. c4 d6 3. Nc3 e5 4.
Nf3 Nbd7 5. e4 g6 6. Be2 Bg7 7. O-O O-O 8. Qc2 exd4 9. Nxd4 Re8 10. Rd1 c6 11. f3 Qc7 12. Bg5 Nh5 13. Kh1 Nc5 14. Bh4 Nf4 15. Bf1 Nce6 16. Bf2 Be5 17. g3 Nh5 18. Bg2 Bg7 19. f4 Nf6 20. h3 h5 21.
Nxe6 Bxe6 22. b3 Rad8 23. Rac1 Bc8 24. Bd4 b6 25. e5 Bf5 26. Qf2 dxe5 27. Bxe5 Qc8 28.
Kh2 h4 29. Rxd8 hxg3+ 30. Qxg3 Rxd8 31. Rd1 Rxd1 32. Nxd1 Qd7 33. Ne3 Be4 0-1

[Event "*** Titled Tuesday Blitz"]
[Site "Chess.com"]
[Date "2019.09.03"]
[Round "5"]
[White "ulises2013"]
[Black "rikyshi"]
[Result "1-0"]
[WhiteElo "2505"]
[BlackElo "2215"]
[TimeControl "180+2"]
[EndTime "16:05:54 PDT"]
[Termination "ulises2013 won by resignation"]

1. d4 d5 2. c4 dxc4 3. Nf3 Nf6 4. e3 a6 5. Bxc4 b5 6. Be2 e6 7. O-O Bb7 8. b3 Nbd7 9. a4 b4 10. Nbd2 c5 11. Bb2 Be7 12. Nc4 O-O 13. Rc1 Qb8 14.
Nfe5 Nxe5 15. dxe5 Rd8 16. Qc2 Nd5 17. Rfd1 Qc7 18.
Bd3 g6 19. a5 Rac8 20. Be4 Bf8 21. Rd2 Bc6 22. Rcd1 Bb5 23. Bxd5 exd5 24. Rxd5 Rxd5 25.
Rxd5 Bxc4 26. Qxc4 Qxa5 27. e6 fxe6 28. Rd7 Re8 29. Qf4 Re7 30. Rd2 Bg7 31. Qb8+ Kf7 32. Qf4+ Kg8 33. Bxg7 Kxg7 34. Qe5+ Kf7 35. h4 Qa3 36.
Qf4+ Ke8 37. Qb8+ Kf7 38. Rd8 Qa1+ 39. Kh2 Qg7 40. Qf4+ Qf6 41. Rf8+ Kxf8 42. Qxf6+ Ke8 43. Qe5 Kd7 44. Qxc5 1-0

[Event "*** Titled Tuesday Blitz"]
[Site "Chess.com"]
[Date "2019.09.03"]
[Round "5"]
[White "Bladel"]
[Black "Alexander_Moskalenko"]
[Result "1/2-1/2"]
[WhiteElo "2625"]
[BlackElo "2823"]
[TimeControl "180+2"]
[EndTime "16:05:58 PDT"]
[Termination "Game drawn by repetition"]

1. e4 d6 2. Nf3 Nf6 3. c3 Nbd7 4. d3 c5 5. g3 b6 6. Bg2 Bb7 7. O-O g6 8. Re1 Bg7 9. h4 Qc7 10. Nbd2 O-O 11. Nf1 c4 12. dxc4 Qxc4 13. Ne3 Qc5 14. Nd5 Nxd5 15. exd5 Qxd5 16. Qxd5 Bxd5 17. Rxe7 Nc5 18. Nd4 Bxg2 19. Kxg2 Bf6 20. Re2 Rfe8 21. Bg5 Bxd4 22. Rxe8+ Rxe8 23. cxd4 Ne4 24. Re1 d5 25. f3 Nd6 26. Rxe8+ Nxe8 27. Kf2 f6 28. Bd2 Kf7 29. Ke2 Ke6 30. Kd3 a6 31. a4 h5 32. g4 Kd7 33.
b3 Nc7 34. Bc1 Ne6 35. Be3 Kc6 36. Bd2 b5 37. axb5+ Kxb5 38. Kc3 Kc6 39. Be3 f5 40. gxf5 gxf5 41. Bg5 Kb5 42. Be3 Nf8 43. Bg5 Ng6 44. Bf6 Nf4 45. Bg5 Ne6 46. Bd2 Nd8 47. Bg5 Ne6 1/2-1/2

[Event "*** Titled Tuesday Blitz"]
[Site "Chess.com"]
[Date "2019.09.03"]
[Round "5"]
[White "Opening_Prep"]
[Black "Alexandercs432"]
[Result "0-1"]
[WhiteElo "2415"]
[BlackElo "2038"]
[TimeControl "180+2"]
[EndTime "16:06:00 PDT"]
[Termination "Alexandercs432 won by resignation"]

1. d4 d5 2. c4 dxc4 3. Nf3 Nf6 4. e3 e6 5. Bxc4 a6 6. a4 c5 7. O-O Nc6 8. Qe2 Be7 9. Rd1 Qc7 10. Nc3 O-O 11.
dxc5 Bxc5 12. e4 b6 13. Bg5 Nd7 14. Rac1 Bb7 15. Bh4 Nde5 16. Nxe5 Qxe5 17. Bg3 Qf6 18. e5 Qe7 19. Ne4 Rfd8 20. Nd6 Rab8 21. Bxa6 Ba8 22. Bb5 Nd4 23. Qg4 Bd5 24. Rxd4 Bxd4 25. Qxd4 Qg5 26.
Qf4 Qg6 27. Qe3 h6 28. Bd3 Qh5 29. Qe2 Qg5 30. f4 Qe7 31. Bb1 Qa7 32. Qg4 Qxa4 33. Bh4 Qd4+ 34. Bf2 Qd2 35. Qd1 Qxf4 36. Qd3 Qxc1+ 0-1

[Event "*** Titled Tuesday Blitz"]
[Site "Chess.com"]
[Date "2019.09.03"]
[Round "5"]
[White "wonderfultime"]
[Black "Genghis_K"]
[Result "1-0"]
[WhiteElo "2954"]
[BlackElo "2865"]
[TimeControl "180+2"]
[EndTime "16:06:05 PDT"]
[Termination "wonderfultime won by resignation"]

1. d4 Nf6 2. Nf3 e6 3. c4 d5 4. Bg5 Bb4+ 5. Nc3 h6 6. Bxf6 Qxf6 7. Qa4+ Nc6 8. e3 O-O 9. Be2 Bd7 10. Qc2 dxc4 11. O-O Na5 12. Ne5 Rfd8 13. Rac1 Be8 14. Nxc4 Nxc4 15. Bxc4 Rac8 16. Rfd1 Bxc3 17. Qxc3 c5 18. Be2 b6 19. h3 Qe7 20. Qa3 Kf8 21. Ba6 Rc7 22. Rd3 Rcd7 23. dxc5 Rxd3 24. Bxd3 bxc5 25.
Be4 Rd2 26. Bf3 c4 27. Qxe7+ Kxe7 28. Rxc4 Rxb2 29. Rc7+ Kf6 30. Rxa7 g6 31. Ra8 Bd7 32. a4 Ra2 33. a5 Bb5 34. Bb7 Bc4 35. a6 Bd5 36. Rc8 Ra1+ 37. Kh2 Ra2 38. Kg3 Ra5 39. e4 Bb3 40. Kf4 g5+ 41. Ke3 Ra3 42. Rc3 Ke5 43.
a7 Rxa7 44. Rxb3 f5 45. exf5 1-0

[Event "*** Titled Tuesday Blitz"]
[Site "Chess.com"]
[Date "2019.09.03"]
[Round "5"]
[White "Fighterman91"]
[Black "STARMATEcc"]
[Result "1-0"]
[WhiteElo "2743"]
[BlackElo "2527"]
[TimeControl "180+2"]
[EndTime "16:06:09 PDT"]
[Termination "Fighterman91 won by resignation"]

1. e4 c5 2. Nf3 d6 3. d4 cxd4 4. Nxd4 Nf6 5. Nc3 Nc6 6. Bg5 e6 7. Qd3 a6 8. O-O-O h6 9. Nxc6 bxc6 10. Bf4 d5 11. Be2 Bb4 12. Qg3 Bxc3 13. Qxc3 O-O 14. f3 Bd7 15. Bd6 Re8 16. e5 Nh7 17. f4 c5 18.
Qxc5 Rc8 19. Qb4 a5 20. Qd4 Rc6 21. g4 Qc8 22. Bd3 Qb7 23. g5 hxg5 24. Rhg1 Rec8 25. fxg5 Nf8 26. Bxf8 Kxf8 27. g6 Qb4 28. Qxb4+ axb4 29. Rdf1 Be8 30. Rg4 Ra8 31. gxf7 Bd7 32. Rxb4 Rc7 33.
Rh4 Ke7 34. Rhf4 Rf8 35. a4 Ra7 36. b3 Raa8 37. Kd2 Rh8 38. f8=Q+ Raxf8 39. Rxf8 Rxf8 40. Rxf8 Kxf8 41. Ke3 Ke7 42. Kd4 Be8 43. Kc5 g5 44. Kb6 Bxa4 45. bxa4 1-0

[Event "*** Titled Tuesday Blitz"]
[Site "Chess.com"]
[Date "2019.09.03"]
[Round "5"]
[White "Valuebet2000"]
[Black "nubair1198"]
[Result "1-0"]
[WhiteElo "2488"]
[BlackElo "2641"]
[TimeControl "180+2"]
[EndTime "16:06:10 PDT"]
[Termination "Valuebet2000 won by resignation"]

1. e4 g6 2. d4 Bg7 3. Be3 c6 4. Nc3 d5 5. Nf3 dxe4 6. Nxe4 Nd7 7. Bd3 Ngf6 8. Nxf6+ Nxf6 9. Qd2 O-O 10. Bh6 Bg4 11. Bxg7 Kxg7 12. Be2 c5 13. dxc5 Ne4 14. Qe3 Qa5+ 15.
c3 Bf5 16. b4 Qa3 17. Rc1 Nf6 18.
O-O Qxa2 19. Nd4 Be4 20. Ra1 Qd5 21. f3 Bf5 22. c4 Qd7 23. Rad1 Qc8 24. g4 Bd7 25.
Qxe7 Re8 26. Qd6 Ba4 27. Rd2 Re3 28. Qf4 Qe8 29. Kf2 Rc3 30. Nb5 Bxb5 31. cxb5 Rd8 32. Rxd8 Qxd8 33. Qe5 Qd2 34. g5 h5 35. Rd1 Qb2 36.
Qxf6+ 1-0

[Event "*** Titled Tuesday Blitz"]
[Site "Chess.com"]
[Date "2019.09.03"]
[Round "5"]
[White "Roman_Ovetchkin"]
[Black "Parhamov"]
[Result "0-1"]
[WhiteElo "2742"]
[BlackElo "2907"]
[TimeControl "180+2"]
[EndTime "16:06:11 PDT"]
[Termination "Parhamov won by resignation"]

1. d4 e6 2. e4 d5 3. exd5 Qxd5 4. Nf3 Nf6 5. Bd3 c5 6. Nc3 Qd8 7. Bg5 h6 8. Bxf6 gxf6 9. d5 Bg7 10. Qe2 O-O 11.
dxe6 Bxe6 12. O-O-O Qa5 13. Bc4 Bxc4 14. Qxc4 Nc6 15.
Rd5 Qb4 16. Qxb4 cxb4 17. Ne4 Rfe8 18. Ng3 Rad8 19. Rhd1 Rxd5 20. Rxd5 Bf8 21. Rd7 Re7 22. Rxe7 Bxe7 23. Kd2 Kh7 24. Kd3 Bf8 25. Ke4 Bc5 26. Kf5 Bxf2 27. Ne4 Bd4 28. b3 Ne7+ 29. Kf4 Nd5+ 30.
Kg3 Be5+ 31. Kf2 b6 32. Nh4 Ne7 33. Kf3 f5 34. Nf2 Kg7 35. g3 Kf6 36. Nd3 a5 37.
Ng2 Nc6 38. Ne3 b5 39. Ke2 Bd6 40. Kf3 Ke6 41. Nf4+ Bxf4 42. Kxf4 Nd4 43. g4 fxg4 44. Nxg4 h5 45. Ne3 f5 46. h4 Ne2+ 47. Kg5 f4 48.
Nd1 Ke5 49. Kxh5 Kf5 50. Nf2 Nc3 51. Kh6 Nxa2 52. h5 a4 53. Kg7 Nc1 54. bxa4 bxa4 55. h6 a3 56. h7 a2 57. h8=Q a1=Q+ 58. Kh7 Qa7+ 59. Qg7 Qxf2 60. Qg6+ Ke5 61. Qg7+ Ke4 62. Qb7+ Ke3 63. Qb6+ Ke2 64. Qxb4 Qe3 65. Qc4+ Kd2 0-1

[Event "*** Titled Tuesday Blitz"]
[Site "Chess.com"]
[Date "2019.09.03"]
[Round "5"]
[White "plumalka"]
[Black "Keithonsky"]
[Result "1/2-1/2"]
[WhiteElo "2148"]
[BlackElo "2369"]
[TimeControl "180+2"]
[EndTime "16:06:11 PDT"]
[Termination "Game drawn by repetition"]

1. e4 c6 2. d4 d5 3. e5 c5 4.
dxc5 e6 5. Be3 Qc7 6. Nf3 Bxc5 7. Bxc5 Qxc5 8. Nd4 Qb4+ 9. Nc3 a6 10. Nb3 Nc6 11. a3 Qb6 12. Qe2 Nge7 13. h4 Ng6 14. h5 Ngxe5 15. h6 g6 16. f4 Nc4 17. Nxd5 Qd8 18. Qxc4 exd5 19. Qe2+ Qe7 20. O-O-O Be6 21. Qf3 O-O-O 22.
Bd3 Rhe8 23. Rhe1 Qf8 24. f5 gxf5 25. Bxf5 Qxh6+ 26. Kb1 Kb8 27. Nc5 Bxf5 28. Qxf5 Rxe1 29. Rxe1 Qd2 30. Rf1 Re8 31. Qxf7 Re7 32. Qf4+ Qxf4 33.
Rxf4 Re1+ 34. Ka2 Re2 35. Rh4 Rxc2 36. Rxh7 Rxc5 37. g4 Rc4 38. g5 Rg4 39. Rg7 d4 40. g6 Ne5 41. Rg8+ Kc7 42. g7 d3 43. Kb3 a5 44. Re8 Rxg7 45. Rxe5 Rd7 46. Re1 Kb6 47. Kc4 a4 48. Rd1 d2 49. Kc3 Kc5 50. Rxd2 Rh7 51. Rd3 Rh4 52. Rf3 Rc4+ 53. Kd3 Rg4 54. Rf5+ Kb6 55. Kc3 Ka6 56. Rd5 b5 57. Rd4 Rg3+ 58.
Rd3 Rg6 59. Rd4 Kb6 60. Kb4 Rh6 61. b3 axb3 62. Kxb3 Kc5 63. Rd3 Rh1 64. Rc3+ Kb6 65.
Rc2 Ka5 66. Rc3 Rb1+ 67. Kc2 Re1 68. Kb3 Re4 69. Rd3 Rc4 70. Rc3 Rh4 71. Rd3 Kb6 72.
Rc3 Rh1 73. Rc2 Rb1+ 74. Rb2 Rh1 75. Rc2 1/2-1/2

[Event "*** Titled Tuesday Blitz"]
[Site "Chess.com"]
[Date "2019.09.03"]
[Round "5"]
[White "abubakrtagelsir"]
[Black "liczner"]
[Result "0-1"]
[WhiteElo "2248"]
[BlackElo "2701"]
[TimeControl "180+2"]
[EndTime "16:06:15 PDT"]
[Termination "liczner won by resignation"]

1. e4 c6 2. d4 d5 3. f3 dxe4 4. fxe4 e5 5. Nf3 Bg4 6. Bc4 Nd7 7. c3 Bh5 8. O-O Ngf6 9. Qb3 b5 10. Bd3 Nc5 11.
Qc2 Bxf3 12. gxf3 exd4 13. e5 Nd5 14. Be4 Nxe4 15. Qxe4 dxc3 16. Nxc3 Bc5+ 17. Kh1 O-O 18. Rd1 Nxc3 19. Rxd8 Nxe4 20. Rxf8+ Kxf8 21. fxe4 Bd4 22. Bd2 Bxb2 23. Bb4+ Ke8 24. Rf1 Bxe5 25. Rc1 Kd7 26. Kg2 a5 27. Bc5 b4 28. Rc2 Bc3 29. Kf3 Ke6 30. Ke3 Rb8 31. Kd3 Be5 32. Rf2 a4 33. Kc2 b3+ 34. axb3 axb3+ 35. Kc1 b2+ 36. Kb1 Ra8 37. Rxb2 Bxb2 0-1